 Dungeon Sprint DCSS version 0.21.1-1-g345015f (webtiles) character file.

6749 wilfster70 the Covert (level 11, -1/86 (89) HPs)
             Began as a Gnoll Enchanter on June 6, 2018.
             Was an Initiate of Okawaru.
             Slain by a demonic crawler (3 damage)
             ... in the Dungeon (Sprint I: "Red Sonja").
             The game lasted 00:07:18 (1290 turns).

wilfster70 the Covert (Gnoll Enchanter)             Turns: 1290, Time: 00:07:18

HP:   -1/86 (89)    AC:  3    Str: 11    XL:     11   Next: 4%
MP:   25/25         EV: 20    Int: 24    God:    Okawaru [......]
Gold: 1737          SH:  0    Dex: 16    Spells: 25/31 levels left

rFire    . . .     SeeInvis +   b - +7 rapier of the Scorpion {drain, Int+4}
rCold    . . .     Gourm    .   (no shield)
rNeg     . . .     Faith    .   n - +1 robe of the Guilds {rElec rPois Stlth+}
rPois    +         Spirit   .   (no helmet)
rElec    +         Reflect  .   (no cloak)
rCorr    .         Harm     .   (no gloves)
MR       .....     NoTele   +   (no boots)
Stlth    ++++++....             (no amulet)
HPRegen  0.24/turn              r - ring of see invisible
MPRegen  0.19/turn              (no ring)

@: no status effects
A: distributed training, fangs 1, strong nose
a: Renounce Religion


You were in the Dungeon.
You worshipped Okawaru.
Okawaru was noncommittal.
You were not hungry.

You visited 1 branch You collected 2358 gold pieces.
You spent 621 gold pieces at shops.

Inventory:

Hand Weapons
 a - a +2 dagger of venom
 b - the +7 rapier of the Scorpion (weapon) {drain, Int+4}
   (You bought it in a shop in the Dungeon)

   A truly terrible weapon, it drains the life of those it strikes.
   It affects your intelligence (+4).
Armour
 l - a +0 leather armour
 n - the +1 robe of the Guilds (worn) {rElec rPois Stlth+}
   (You bought it in a shop in the Dungeon)

   It insulates you from electricity.
   It protects you from poison.
   It makes you more stealthy.
Jewellery
 r - a ring of see invisible (left hand)
Wands
 q - a wand of flame (35)
Scrolls
 j - a scroll of blinking
 m - a scroll of amnesia {unknown}
 o - a scroll of remove curse {unknown}
Potions
 e - 6 potions of curing
 f - a potion of heal wounds
 g - a potion of haste
 h - 2 potions of magic
 i - a potion of berserk rage
 k - a potion of cancellation {unknown}
Books
 c - a book of Maledictions

   Spells                             Type                      Level
   a - Corona                         Hexes                        1
   b - Ensorcelled Hibernation        Hexes/Ice                    2
   c - Confuse                        Hexes                        3
   d - Tukima's Dance                 Hexes                        3
   e - Dazzling Spray                 Conjuration/Hexes            3


   Skills:
 + Level 9.5 Fighting
 + Level 9.9 Short Blades
 + Level 9.5 Long Blades
 + Level 9.5 Axes
 + Level 9.5 Maces & Flails
 + Level 9.5 Polearms
 + Level 9.5 Staves
 + Level 9.5 Slings
 + Level 9.5 Bows
 + Level 9.5 Crossbows
 + Level 9.5 Throwing
 + Level 9.5 Armour
 + Level 10.5 Dodging
 + Level 11.1 Stealth
 + Level 9.5 Shields
 + Level 9.5 Unarmed Combat
 + Level 10.7 Spellcasting
 + Level 8.0 Conjurations
 + Level 9.7 Hexes
 + Level 8.0 Charms
 + Level 8.0 Summonings
 + Level 8.0 Necromancy
 + Level 8.0 Translocations
 + Level 8.0 Transmutations
 + Level 8.0 Fire Magic
 + Level 8.0 Ice Magic
 + Level 8.0 Air Magic
 + Level 8.0 Earth Magic
 + Level 8.0 Poison Magic
 + Level 10.3 Invocations
 + Level 9.5 Evocations


You had 25 spell levels left.
You knew the following spells:

 Your Spells              Type           Power        Failure   Level  Hunger
a - Corona                Hex            ######.      1%          1    None
b - Ensorcelled Hibernat  Hex/Ice        ######       1%          2    None
c - Confuse               Hex            ######..     1%          3    None


Dungeon Overview and Level Annotations

Branches:
Dungeon (1/1)

Altars:
Cheibriados
Dithmenos
Elyvilon
Fedhas
Gozag
Hepliaklqana
Kikubaaqudgha
Makhleb
Nemelex Xobeh
Okawaru
Qazlal
Ru
Sif Muna
Trog
Uskayaw
Vehumet
Wu Jian
Xom
Yredelemnul
Zin
The Shining One
Jiyva
Lugonu

Shops:
D }[*:}!=:(*:(!*([*


Innate Abilities, Weirdness & Mutations

Your experience applies equally to all skills.
You have very sharp teeth.
Your uncanny sense of smell can sniff out nearby items.


Message History

The demonic crawler hits you!
You puncture the demonic crawler!
You bite the demonic crawler, but do no damage.
The demonic crawler is heavily wounded.
The demonic crawler completely misses you.
The demonic crawler misses you.
The demonic crawler hits you but does no damage.
You hit the demonic crawler but do no damage.
You punch the demonic crawler.
The demonic crawler is heavily wounded.
The demonic crawler hits you!
* * * LOW HITPOINT WARNING * * *
The demonic crawler hits you.
* * * LOW HITPOINT WARNING * * *
The demonic crawler hits you!
* * * LOW HITPOINT WARNING * * *
You hit the demonic crawler. Your bite misses the demonic crawler.
The demonic crawler is heavily wounded.
The demonic crawler hits you.
You die...

##########################
#<.#..').#.)'..#__#..'..)#∆∆ ∆
#..'..#..'..#.ss..'..#...##+#∆
#..#####'#####s#__####)..'..#∆
#..####..#...#@####§§#####..+∆
#..#__####..##.#≈§§§)#§§# +##
#..#_____##'#_.'§§§§§§§§#
#⌠⌠#_.∩...'..._#§§§§§#§§#
####_..__##_.#'##§#####§###
∆∆#_____###'#.#..).###.÷.#
############)####'###.###§#
#∩........'...'..[..'.∩##.#
###++++####...###########§# ∆


You could see 3 demonic crawlers.

Vanquished Creatures
  2 centaur warriors (D)
  Sonja (D)
  A deep troll (D)
  2 unseen horrors (D)
  An oklob plant (D)
  2 kobold demonologists (D)
  A demonic crawler (D)
  A hornet (D)
  A slime creature (D)
  Sigmund (D)
  2 redbacks (D)
  A yak (D)
  2 floating eyes (D)
  An ogre (D)
  7 necrophages (D)
  8 jellies (D)
  Ijyb (D)
  4 ballistomycetes (D)
39 creatures vanquished.

Vanquished Creatures (others)
  A gargoyle (D)
  2 ballistomycete spores (D)
3 creatures vanquished.

Grand Total: 42 creatures vanquished

Notes
Turn   | Place    | Note
-------+----------+-------------------------------------------
     0 | D        | wilfster70 the Gnoll Enchanter began the quest for the Orb.
     0 | D        | Reached XP level 1. HP: 13/13 MP: 6/6
     1 | D        | Noticed Ijyb
     4 | D        | Killed Ijyb
     4 | D        | Reached skill level 1 in Fighting
     4 | D        | Reached skill level 1 in Long Blades
     4 | D        | Reached skill level 1 in Axes
     4 | D        | Reached skill level 1 in Maces & Flails
     4 | D        | Reached skill level 1 in Polearms
     4 | D        | Reached skill level 1 in Staves
     4 | D        | Reached skill level 1 in Slings
     4 | D        | Reached skill level 1 in Bows
     4 | D        | Reached skill level 1 in Crossbows
     4 | D        | Reached skill level 1 in Throwing
     4 | D        | Reached skill level 1 in Armour
     4 | D        | Reached skill level 6 in Stealth
     4 | D        | Reached skill level 1 in Shields
     4 | D        | Reached skill level 1 in Unarmed Combat
     4 | D        | Reached skill level 5 in Spellcasting
     4 | D        | Reached skill level 1 in Conjurations
     4 | D        | Reached skill level 1 in Charms
     4 | D        | Reached skill level 1 in Summonings
     4 | D        | Reached skill level 1 in Necromancy
     4 | D        | Reached skill level 1 in Translocations
     4 | D        | Reached skill level 1 in Transmutations
     4 | D        | Reached skill level 1 in Fire Magic
     4 | D        | Reached skill level 1 in Ice Magic
     4 | D        | Reached skill level 1 in Air Magic
     4 | D        | Reached skill level 1 in Earth Magic
     4 | D        | Reached skill level 1 in Poison Magic
     4 | D        | Reached skill level 1 in Invocations
     4 | D        | Reached skill level 1 in Evocations
     4 | D        | Reached XP level 2. HP: 22/22 MP: 8/8
     4 | D        | Reached XP level 3. HP: 27/27 MP: 9/9
    10 | D        | Learned a level 2 spell: Ensorcelled Hibernation
    14 | D        | Learned a level 3 spell: Confuse
    25 | D        | Noticed an ogre
    28 | D        | Killed an ogre
    28 | D        | Reached skill level 5 in Dodging
    28 | D        | Reached XP level 4. HP: 35/35 MP: 7/11
    69 | D        | Noticed Sigmund
    72 | D        | Killed Sigmund
    72 | D        | Reached skill level 5 in Short Blades
    72 | D        | Reached skill level 7 in Stealth
    72 | D        | Reached XP level 5. HP: 42/42 MP: 12/14
    72 | D        | Reached XP level 6. HP: 48/48 MP: 12/15
    85 | D        | Found a deep blue altar of Sif Muna.
    86 | D        | Found an ornate altar of the Wu Jian Council.
    87 | D        | Found a radiant altar of Vehumet.
   106 | D        | Found Etza's Armour Emporium.
   106 | D        | Found an ancient bone altar of Kikubaaqudgha.
   106 | D        | Found a hazy altar of Hepliaklqana.
   106 | D        | Found a hide-covered altar of Uskayaw.
   106 | D        | Found a basalt altar of Yredelemnul.
   106 | D        | Found an opulent altar of Gozag.
   106 | D        | Found a snail-covered altar of Cheibriados.
   106 | D        | Found a sacrificial altar of Ru.
   106 | D        | Found a shadowy altar of Dithmenos.
   106 | D        | Noticed a yak
   107 | D        | Found a stormy altar of Qazlal.
   107 | D        | Found a blossoming altar of Fedhas.
   107 | D        | Found a bloodstained altar of Trog.
   107 | D        | Found an iron altar of Okawaru.
   107 | D        | Found a glowing golden altar of the Shining One.
   107 | D        | Found a glowing silver altar of Zin.
   107 | D        | Found a white marble altar of Elyvilon.
   108 | D        | Killed a yak
   108 | D        | Reached skill level 5 in Fighting
   108 | D        | Reached skill level 5 in Long Blades
   108 | D        | Reached skill level 5 in Axes
   108 | D        | Reached skill level 5 in Maces & Flails
   108 | D        | Reached skill level 5 in Polearms
   108 | D        | Reached skill level 5 in Staves
   108 | D        | Reached skill level 5 in Slings
   108 | D        | Reached skill level 5 in Bows
   108 | D        | Reached skill level 5 in Crossbows
   108 | D        | Reached skill level 5 in Throwing
   108 | D        | Reached skill level 5 in Armour
   108 | D        | Reached skill level 5 in Shields
   108 | D        | Reached skill level 5 in Unarmed Combat
   108 | D        | Reached skill level 5 in Invocations
   108 | D        | Reached skill level 5 in Evocations
   108 | D        | Reached XP level 7. HP: 56/56 MP: 15/17
   109 | D        | Found a sparkling altar of Nemelex Xobeh.
   115 | D        | Bought the +1 robe of the Guilds {rElec rPois Stlth+} for 267 gold pieces
   148 | D        | Noticed Sonja
   154 | D        | Killed Sonja
   154 | D        | Reached skill level 8 in Stealth
   154 | D        | Reached skill level 5 in Conjurations
   154 | D        | Reached skill level 5 in Charms
   154 | D        | Reached skill level 5 in Summonings
   154 | D        | Reached skill level 5 in Necromancy
   154 | D        | Reached skill level 5 in Translocations
   154 | D        | Reached skill level 5 in Transmutations
   154 | D        | Reached skill level 5 in Fire Magic
   154 | D        | Reached skill level 5 in Ice Magic
   154 | D        | Reached skill level 5 in Air Magic
   154 | D        | Reached skill level 5 in Earth Magic
   154 | D        | Reached skill level 5 in Poison Magic
   154 | D        | Reached XP level 8. HP: 32/64 MP: 14/20
   173 | D        | Found Baypp's Gadget Boutique.
   193 | D        | Noticed a deep troll
   199 | D        | Killed a deep troll
   199 | D        | Reached skill level 9 in Stealth
   211 | D        | Found Egryhorch's Armour Emporium.
   462 | D        | Noticed a centaur warrior
   462 | D        | Noticed a centaur warrior
   465 | D        | Killed a centaur warrior
   465 | D        | Reached XP level 9. HP: 72/72 MP: 20/22
   466 | D        | Killed a centaur warrior
   466 | D        | Reached skill level 10 in Stealth
   477 | D        | Noticed a hornet
   480 | D        | Killed a hornet
   491 | D        | Noticed an oklob plant
   493 | D        | Killed an oklob plant
   493 | D        | Reached XP level 10. HP: 80/80 MP: 23/23
   529 | D        | Found Otomm's General Store.
   529 | D        | Found Gaidiusi's Assorted Antiques.
   529 | D        | Found Meoror's Weapon Emporium.
   531 | D        | Found Qaaveifu's Distillery.
   531 | D        | Found Yxamn's Antique Weapon Shoppe.
   531 | D        | Found Beves's Book Shop.
   531 | D        | Found Qarch's General Store.
   531 | D        | Found Meifrips's Weapon Boutique.
   531 | D        | Found Miroisko's Book Shoppe.
   531 | D        | Found Demimud's Jewellery Shop.
   533 | D        | Found Taadeoso's Distillery.
   534 | D        | Found Ureaf's Gadget Boutique.
   534 | D        | Found Lyhippog's Book Shoppe.
   545 | D        | Found Afevvy Imiom's Assorted Antiques.
   569 | D        | Bought a polished rapier for 189 gold pieces
   569 | D        | Identified the +7 rapier of the Scorpion {drain, Int+4} (You bought it in a shop in the Dungeon)
   581 | D        | Bought an uncursed ring of see invisible for 165 gold pieces
   615 | D        | Reached skill level 10 in Spellcasting
   789 | D        | Noticed an unseen horror
   790 | D        | Noticed an unseen horror
   800 | D        | Killed an unseen horror
   800 | D        | Reached skill level 10 in Dodging
   802 | D        | Killed an unseen horror
   853 | D        | Reached skill level 10 in Invocations
   864 | D        | Killed a gargoyle
   916 | D        | Became a worshipper of Warmaster Okawaru
  1238 | D        | Found a viscous altar of Jiyva.
  1238 | D        | Found a corrupted altar of Lugonu.
  1239 | D        | Found a burning altar of Makhleb.
  1239 | D        | Found a shimmering altar of Xom.
  1254 | D        | Noticed a kobold demonologist
  1255 | D        | Noticed a kobold demonologist
  1259 | D        | Killed a kobold demonologist
  1259 | D        | Reached skill level 11 in Stealth
  1260 | D        | Killed a kobold demonologist
  1260 | D        | Reached XP level 11. HP: 86/86 MP: 25/25
  1289 | D        | HP: 2/86 [demonic crawler (13)]
  1290 | D        | Slain by a demonic crawler

Skill      XL: |  1  2  3  4  5  6  7  8  9 10 11 |
---------------+----------------------------------+-----
Fighting       | 1 3 4 5 6 7 8 9 |  9.5
Short Blades   | 3 4 5 6 7 8 9 |  9.9
Long Blades    | 1 3 4 5 6 7 8 9 |  9.5
Axes           | 1 3 4 5 6 7 8 9 |  9.5
Maces & Flails | 1 3 4 5 6 7 8 9 |  9.5
Polearms       | 1 3 4 5 6 7 8 9 |  9.5
Staves         | 1 3 4 5 6 7 8 9 |  9.5
Slings         | 1 3 4 5 6 7 8 9 |  9.5
Bows           | 1 3 4 5 6 7 8 9 |  9.5
Crossbows      | 1 3 4 5 6 7 8 9 |  9.5
Throwing       | 1 3 4 5 6 7 8 9 |  9.5
Armour         | 1 3 4 5 6 7 8 9 |  9.5
Stealth        | 6 7 8 9 10 11 | 11.1
Shields        | 1 3 4 5 6 7 8 9 |  9.5
Unarmed Combat | 1 3 4 5 6 7 8 9 |  9.5
Spellcasting   | 5 6 7 8 9 10 | 10.7
Conjurations   | 1 2 3 4 5 6 7 8 |  8.0
Charms         | 1 2 3 4 5 6 7 8 |  8.0
Summonings     | 1 2 3 4 5 6 7 8 |  8.0
Necromancy     | 1 2 3 4 5 6 7 8 |  8.0
Translocations | 1 2 3 4 5 6 7 8 |  8.0
Transmutations | 1 2 3 4 5 6 7 8 |  8.0
Fire Magic     | 1 2 3 4 5 6 7 8 |  8.0
Ice Magic      | 1 2 3 4 5 6 7 8 |  8.0
Air Magic      | 1 2 3 4 5 6 7 8 |  8.0
Earth Magic    | 1 2 3 4 5 6 7 8 |  8.0
Poison Magic   | 1 2 3 4 5 6 7 8 |  8.0
Invocations    | 1 3 4 5 6 8 9 10 | 10.3
Evocations     | 1 3 4 5 6 7 8 9 |  9.5
Dodging        | 5 6 7 8 9 10 | 10.5
Hexes          | 6 7 8 9 |  9.7

Action                   |  1- 3 |  4- 6 |  7- 9 | 10-12 || total
-------------------------+-------+-------+-------+-------++-------
Melee: Dagger            |     2 |     3 |     7 |    43 ||    55
       Rapier            |       |       |       |    29 ||    29
       Bite              |       |       |       |     9 ||     9
       Punch             |       |       |       |     3 ||     3
 Cast: Ensorcelled Hiber |     1 |       |     3 |    12 ||    16
       Confuse           |       |       |       |    12 ||    12
 Stab: Sleeping          |     2 |     3 |     7 |    17 ||    29
       Confused          |       |       |       |     6 ||     6
  Eat: Ration            |       |       |       |     1 ||     1
Armor: Robe              |       |       |       |     6 ||     6
Dodge: Dodged            |       |       |     3 |    50 ||    53
